 Dungeon Crawl Stone Soup version 0.25.1-2-g60ff931df9 (webtiles) character file.

Game seed: 10610240905969872885

5816 selver the Tainter (level 10, -15/63 HPs)
             Began as a Demonspawn Venom Mage on Nov 1, 2020.
             Was a Priest of Vehumet.
             Demolished by a spiny frog (20 damage)
             ... on level 1 of the Lair of Beasts.
             The game lasted 01:07:57 (11758 turns).

selver the Tainter (Demonspawn Venom Mage)         Turns: 11758, Time: 01:07:58

Health: -15/63     AC:  6    Str: 16    XL:     10   Next: 51%
Magic:  0/20       EV: 12    Int: 19    God:    Vehumet [***...]
Gold:   374        SH:  0    Dex: 13    Spells: 6/23 levels left

rFire    + . .     SeeInvis +   b - +4 spear of the Ghost {vamp, rF+ MR+}
rCold    . . .     Gourm    .   (no shield)
rNeg     . . .     Faith    .   L - +0 steam dragon scales
rPois    .         Spirit   +   d - +0 helmet {SInv}
rElec    .         Reflect  .   (no cloak)
rCorr    .         Harm     .   (no gloves)
MR       +....                  (no boots)
Stlth    +++.......             z - amulet of regeneration
HPRegen  0.60/turn              k - +6 ring of strength
MPRegen  0.34/turn              v - ring of stealth

@: studying Unarmed Combat
A: talons 2, magic shield, magic regeneration, sturdy frame 2
a: Renounce Religion


You were on level 1 of the Lair of Beasts.
You worshipped Vehumet.
Vehumet was most pleased with you.
You were not hungry.

You visited 3 branches of the dungeon, and saw 12 of its levels.

You collected 554 gold pieces.
You spent 180 gold pieces at shops.

Inventory:

Hand Weapons
 b - the +4 spear of the Ghost (weapon) {vamp, rF+ MR+}
   (You found it on level 5 of the Dungeon)

   It inflicts no extra harm, but heals its wielder when it wounds a living foe.
   It protects you from fire.
   It affects your resistance to hostile enchantments.
 l - a +0 dagger
 n - a +0 whip of flaming
 s - a +3 dagger of venom
Armour
 d - a +0 helmet of see invisible (worn)
 f - a +0 ring mail
 L - +0 steam dragon scales (worn)
Magical Staves
 a - an uncursed staff of wizardry
 J - an uncursed staff of energy
Jewellery
 k - a +6 ring of strength (left hand)
 v - a ring of stealth (right hand)
 z - an amulet of regeneration (around neck)
 G - a cursed ring of teleportation {unknown}
Wands
 p - a wand of random effects (7)
 K - a wand of disintegration (19)
Scrolls
 g - 2 scrolls of enchant weapon
 i - 3 scrolls of fear
 j - 4 scrolls of teleportation
 m - 4 scrolls of amnesia
 r - 2 scrolls of magic mapping {unknown}
 y - a scroll of vulnerability {unknown}
 B - 2 scrolls of identify
 C - a scroll of torment {unknown}
 D - 2 scrolls of remove curse {unknown}
 F - a scroll of noise {unknown}
 I - 2 scrolls of enchant armour {unknown}
 M - a scroll of holy word {unknown}
Potions
 e - a potion of invisibility
 h - a potion of curing
 o - 2 potions of resistance
 t - 3 potions of stabbing
 u - a potion of lignification
 w - 2 potions of might {unknown}
 x - a potion of heal wounds {unknown}
 E - 2 potions of cancellation {unknown}
 H - 3 potions of ambrosia {unknown}
Books
 A - a manual of Unarmed Combat
Comestibles
 c - 16 rations


   Skills:
 - Level 1.7 Dodging
 - Level 1.7 Stealth
 + Level 7.2 Spellcasting
 - Level 3.9 Conjurations
 * Level 5.3 Transmutations
 * Level 6.1 Fire Magic
 - Level 10.2 Poison Magic


You had 6 spell levels left.
You knew the following spells:

 Your Spells              Type           Power        Failure   Level  Hunger
a - Sting                 Tmut/Pois      ####         1%          1    None
b - Poisonous Vapours     Pois/Air       ####..       1%          2    None
c - Olgreb's Toxic Radia  Pois           #####...     1%          4    ###....
d - Ignite Poison         Fire/Tmut/Pois ####....     1%          3    #......
e - Mephitic Cloud        Conj/Pois/Air  ###.....     1%          3    #......
f - Foxfire               Conj/Fire      ####         1%          1    None
g - Magic Dart            Conj           ###.         1%          1    None
h - Searing Ray           Conj           ###...       1%          2    None

Your spell library contained the following spells:

 Spells                   Type           Power        Failure   Level  Hunger
 Frozen Ramparts          Ice            #.....       9%          3    #......
 Inner Flame              Hex/Fire       ###.....     2%          3    #......
 Animate Skeleton         Necr           N/A          10%         1    None
 Corona                   Hex            #......      10%         1    None
 Infusion                 Chrm           #...         10%         1    None
 Pain                     Necr           #...         10%         1    None
 Shroud of Golubria       Chrm/Tloc      #.....       16%         2    None
 Slow                     Hex            #.......     16%         2    None
 Song of Slaying          Chrm           #.......     16%         2    None
 Yara's Violent Unravell  Hex/Tmut       ###.......   24%         5    #####..
 Confusing Touch          Hex            #.......     30%         3    #......
 Gell's Gravitas          Tloc           #.........   30%         3    #......
 Ozocubu's Armour         Chrm/Ice       #.......     30%         3    #......
 Portal Projectile        Hex/Tloc       #.....       30%         3    #......
 Spectral Weapon          Hex/Chrm       #.......     30%         3    #......
 Vampiric Draining        Necr           #.........   30%         3    #......
 Petrify                  Tmut/Erth      ###.....     32%         4    ###....
 Animate Dead             Necr           N/A          69%         4    ###....
 Cause Fear               Hex            #.........   69%         4    ###....
 Leda's Liquefaction      Hex/Erth       #.........   69%         4    ###....
 Agony                    Necr           #.......     95%         5    #####..
 Metabolic Englaciation   Hex/Ice        #.........   95%         5    #####..
 Dragon Form              Tmut           ####......   100%        7    #######
 Dragon's Call            Summ           #.........   100%        9    #######


Dungeon Overview and Level Annotations

Branches:
Dungeon (10/15)            Temple (1/1) D:5            Lair (1/6) D:9
    Orc (0/2) D:10

Altars:
Ashenzari
Cheibriados
Dithmenos
Elyvilon
Fedhas
Hepliaklqana
Kikubaaqudgha
Nemelex Xobeh
Okawaru
Ru
Trog
Vehumet
Wu Jian
Yredelemnul
The Shining One

Shops:
D:5 [

Annotations:
D:10 exclusion: skeletal warrior


Innate Abilities, Weirdness & Mutations

You have razor-sharp toenails.
When hurt, damage is shared between your health and your magic reserves.
You regenerate magic rapidly.
Your movements are less encumbered by armour. (ER -4)


Message History

The spiny frog poisons you!
The searing ray hits the spiny frog.
The spiny frog is severely wounded.
The searing ray hits the spiny frog.
The spiny frog is lightly wounded.
You finish channeling your searing ray.
You feel sick.
The porcupine twitches its whiskers.
The porcupine bites you. The spiny frog stings you.
* * * LOW HITPOINT WARNING * * *
The porcupine bites you.
* * * LOW HITPOINT WARNING * * *
You feel better. The spiny frog closely misses you. The spiny frog stings you.
* * * LOW HITPOINT WARNING * * *
You are poisoned.
The spiny frog poisons you! The porcupine bites you!
* * * LOW HITPOINT WARNING * * *
You feel better. The spiny frog stings you!
* * * LOW HITPOINT WARNING * * *
The spiny frog stings you!!
You die...

... ... ^...
..... .....##
## ....... #.#
......r#.#
......F@#
......F.#
.........
..........
...........
.....!....>.
.............
..............


You could see 2 spiny frogs and a porcupine.

Vanquished Creatures
  Harold (D:7)
  A komodo dragon (D:9)
  A troll (D:9)
  2 hippogriffs
  A steam dragon (D:9)
  2 water moccasins
  2 sky beasts
  4 orc warriors
  A necrophage (D:9)
  4 ogres
  4 centaurs
  A big kobold (D:7)
  7 bullfrogs
  A water moccasin zombie (D:8)
  4 scorpions
  5 wights (D:8)
  6 crimson imps
  5 jellies
  4 orc priests
  2 centaur zombies (D:9)
  4 hounds
  2 bullfrog skeletons
  2 gnoll shamans
  A centaur skeleton (D:4)
  8 orc wizards
  5 iguanas
  6 worker ants
  A killer bee zombie (D:9)
  2 hound skeletons
  A worker ant zombie (D:5)
  11 adders
  14 gnolls
  2 shadow imps
  An ooze (D:3)
  3 worms (D:5)
  3 dart slugs
  4 leopard geckos
  52 orcs
  2 ball pythons
  2 giant cockroaches
  9 goblins
  2 hobgoblins
  9 jackals
  2 quokkas
  6 bats (D:1)
  5 frilled lizards
  7 kobolds
  A leopard gecko skeleton (D:6)
  A quokka skeleton (D:4)
  5 rats
231 creatures vanquished.

Vanquished Creatures (others)
  A jelly (D:7)
  An orc (D:4)
  62 foxfires
  3 plants (D:9)
67 creatures vanquished.

Grand Total: 298 creatures vanquished

Notes
Turn   | Place    | Note
-------+----------+-------------------------------------------
     0 | D:1      | selver the Demonspawn Venom Mage began the quest for the
                  | Orb.
     0 | D:1      | Reached XP level 1. HP: 13/13 MP: 3/3
   260 | D:1      | Gained mutation: You have sharp toenails. [demonic
                  | ancestry]
   260 | D:1      | Reached XP level 2. HP: 18/19 MP: 1/5
   317 | D:1      | Learned a level 2 spell: Poisonous Vapours
  1008 | D:1      | Gained mutation: You have razor-sharp toenails. [demonic
                  | ancestry]
  1008 | D:1      | Reached XP level 3. HP: 24/24 MP: 4/6
  1250 | D:2      | Reached skill level 4 in Poison Magic
  1420 | D:2      | Found a shattered altar of Ashenzari.
  1424 | D:2      | Saw a vision of the Shoals and the Snake Pit.
  1424 | D:2      | Noticed a salamander
  1424 | D:2      | Noticed a sea snake
  1424 | D:2      | Noticed a naga
  1424 | D:2      | Noticed a hippogriff
  1424 | D:2      | Noticed a hippogriff
  1424 | D:2      | Noticed a naga mage
  1424 | D:2      | Noticed a naga
  1424 | D:2      | Noticed a mana viper
  1424 | D:2      | Noticed a sea snake
  1424 | D:2      | Noticed a naga
  1424 | D:2      | Noticed a naga
  1424 | D:2      | Noticed a merfolk
  1425 | D:2      | Noticed a merfolk
  1426 | D:2      | Noticed a naga mage
  2064 | D:3      | Reached XP level 4. HP: 28/30 MP: 3/8
  3142 | D:4      | Reached skill level 5 in Poison Magic
  3142 | D:4      | Gained mutation: When hurt, damage is shared between your
                  | health and your magic reserves. [demonic ancestry]
  3142 | D:4      | Reached XP level 5. HP: 24/35 MP: 6/9
  3485 | D:4      | Noticed an ogre
  3507 | D:4      | Killed an ogre
  3666 | D:4      | Gained mutation: You regenerate magic rapidly. [demonic
                  | ancestry]
  3666 | D:4      | Reached XP level 6. HP: 26/41 MP: 4/11
  3816 | D:4      | Reached skill level 6 in Poison Magic
  3958 | D:4      | Learned a level 4 spell: Olgreb's Toxic Radiance
  4903 | D:4      | Gained mutation: Your movements are slightly less
                  | encumbered by armour. (ER -2) [demonic ancestry]
  4903 | D:4      | Reached XP level 7. HP: 46/46 MP: 2/13
  5270 | D:5      | Entered Level 5 of the Dungeon
  5285 | D:5      | Reached skill level 7 in Poison Magic
  5290 | D:5      | Learned a level 3 spell: Ignite Poison
  5357 | D:5      | Reached skill level 1 in Transmutations
  5524 | D:5      | Found a staircase to the Ecumenical Temple.
  5537 | Temple   | Entered the Ecumenical Temple
  5650 | Temple   | Became a worshipper of Vehumet
  6010 | D:5      | Reached skill level 1 in Fire Magic
  6065 | D:5      | Found Mosien's Antique Armour Emporium.
  6078 | D:5      | Bought a shiny helmet for 180 gold pieces
  6268 | D:5      | Got a steaming spear
  6269 | D:5      | Identified the +4 spear of the Ghost {vamp, rF+ MR+} (You
                  | found it on level 5 of the Dungeon)
  6298 | D:5      | Reached XP level 8. HP: 52/52 MP: 7/15
  6619 | D:5      | Reached skill level 5 in Spellcasting
  6838 | D:6      | Reached skill level 8 in Poison Magic
  7128 | D:6      | Learned a level 3 spell: Mephitic Cloud
  7130 | D:6      | Learned a level 1 spell: Foxfire
  7148 | D:6      | Reached * piety under Vehumet
  7148 | D:6      | Offered knowledge of Magic Dart by Vehumet.
  7167 | D:6      | Learned a level 1 spell: Magic Dart
  7520 | D:7      | Reached skill level 1 in Conjurations
  7818 | D:7      | Reached skill level 9 in Poison Magic
  8080 | D:7      | Gained mutation: Your movements are less encumbered by
                  | armour. (ER -4) [demonic ancestry]
  8080 | D:7      | Reached XP level 9. HP: 57/57 MP: 10/17
  8368 | D:7      | Noticed Harold
  8377 | D:7      | Killed Harold
  8414 | D:7      | HP: 2/57 [poisoned by a water moccasin]
  8421 | D:7      | HP: 1/57 [poisoned by a water moccasin]
  9228 | D:8      | Reached skill level 10 in Poison Magic
  9373 | D:8      | Reached ** piety under Vehumet
  9439 | D:8      | Offered knowledge of Freeze by Vehumet.
 10028 | D:9      | Reached XP level 10. HP: 63/63 MP: 16/20
 10195 | D:9      | Reached skill level 5 in Fire Magic
 10506 | D:9      | Found a staircase to the Lair.
 10552 | D:9      | Found a basalt altar of Yredelemnul.
 10608 | D:9      | Offered knowledge of Searing Ray by Vehumet.
 10629 | D:9      | Learned a level 2 spell: Searing Ray
 10799 | D:9      | Reached *** piety under Vehumet
 11272 | D:10     | Entered Level 10 of the Dungeon
 11287 | D:10     | Reached skill level 5 in Transmutations
 11337 | D:10     | Offered knowledge of Frozen Ramparts by Vehumet.
 11484 | D:10     | Found a staircase to the Orcish Mines.
 11702 | D:10     | Noticed a skeletal warrior
 11708 | D:10     | Noticed a skeletal warrior
 11748 | Lair:1   | Entered Level 1 of the Lair of Beasts
 11748 | Lair:1   | Noticed a spiny frog
 11750 | Lair:1   | Noticed a spiny frog
 11758 | Lair:1   | Demolished by a spiny frog

Illustrated notes

Levels and vault maps discovered:
D:1:      dpeg_arrival_subterranean_lakeside_camping, layout_loops_ring,
          minmay_misc_feat_secret_circle
D:2:      layout_basic, grunt_ashenzari_visionary
          [grunt_ashenzari_visionary_shoals, grunt_ashenzari_visionary_snake]
D:3:      layout_basic
D:4:      layout_loops_ring, minmay_misc_feat_tiny
D:5:      layout_gridville, minmay_temple_entry_butterflies, serial_shops, shop,
          first_ration, minmay_statues_item, kennysheep_generic_room_15
D:6:      layout_loops_ring, st_stairs_7, minmay_quadrilaterals
D:7:      layout_gridville, st_stairs_8, grunt_ogre_cave, minmay_manual_mares,
          uniq_harold
D:8:      layout_gridville
D:9:      layout_irregular_city, lemuel_round_altar, david_lair_shrubbed
D:10:     layout_loops_ring, hiddenorc1_lemuel, evilmike_minifort
Temple:   roderic_octagonal_lattice_temple
Lair:1:   layout_hall_layers, serial_bayou_shore_a

Skill      XL: |  1  2  3  4  5  6  7  8  9 10 |
---------------+-------------------------------+-----
Poison Magic   | 4 5 6 7 9 10 | 10.2
Spellcasting   | 3 4 5 6 7 |  7.2
Transmutations | 2 3 5 |  5.3
Fire Magic     | 1 3 4 6 |  6.1
Conjurations   | 2 3 |  3.9
Dodging        | |  1.7
Stealth        | |  1.7

Action                   |  1- 3 |  4- 6 |  7- 9 | 10-12 || total
-------------------------+-------+-------+-------+-------++-------
Melee: Unarmed           |    16 |       |       |       ||    16
       Short sword       |     9 |       |       |       ||     9
       Kick              |     4 |    21 |    34 |     4 ||    63
       Dagger            |    19 |    71 |    41 |       ||   131
       Spear             |       |       |    59 |    12 ||    71
       Staff             |       |       |    57 |    12 ||    69
 Cast: Sting             |    53 |    45 |    40 |     4 ||   142
       Poisonous Vapours |       |    17 |    28 |    23 ||    68
       Ignite Poison     |       |       |    24 |    22 ||    46
       Olgreb's Toxic Ra |       |       |    10 |    11 ||    21
       Magic Dart        |       |       |    88 |    42 ||   130
       Mephitic Cloud    |       |       |     9 |     3 ||    12
       Foxfire           |       |       |    27 |    11 ||    38
       Searing Ray       |       |       |       |     6 ||     6
  Use: Scroll            |     3 |       |     9 |     1 ||    13
       Potion            |       |     3 |     3 |     2 ||     8
 Stab: Sleeping          |     1 |     1 |     5 |       ||     7
  Eat: Chunk             |     4 |     9 |    16 |     7 ||    36
       Ration            |       |       |     1 |       ||     1
Armor: Robe              |    18 |     4 |       |       ||    22
       Leather armour    |       |     7 |    50 |     3 ||    60
       Steam dragon scal |       |       |       |    12 ||    12
Dodge: Dodged            |    75 |    51 |   118 |    47 ||   291
